 Dungeon Crawl Stone Soup version 0.29.0-4-gdea44cf6ec (webtiles) character file.

Game seed: 2694797349604409917

94 qw the Chopper (level 4, -1/28 HPs)
             Began as a Gargoyle Fighter on Sept 10, 2022.
             Killed from afar by Natasha (8 damage)
             ... with a magic dart
             ... on level 1 of the Dungeon.
             The game lasted 00:00:55 (2739 turns).

qw the Chopper (Gargoyle Fighter)                   Turns: 2739, Time: 00:00:56

Health: -1/28      AC: 16    Str: 21    XL:     4   Next: 63%
Magic:  4/4        EV:  5    Int:  9    God:
Gold:   90         SH:  4    Dex:  9    Spells: 3/3 levels left

rFire   . . .      SeeInvis .   Y - +0 war axe
rCold   . . .      Faith    .   c - +0 buckler
rNeg    + . .      Spirit   .   k - +0 plate armour
rPois   inf        Reflect  .   (no helmet)
rElec   +          Harm     .   e - +0 cloak
rCorr   .          Rampage  .   (no gloves)
Will    .....                   (no boots)
Stlth   ..........              (no amulet)
HPRegen 0.09/turn               (no ring)
MPRegen 0.09/turn               (no ring)

@: about to teleport
A: sickness immunity, AC +3, negative energy resistance 1, electricity
resistance, torment resistance 1, petrification resistance
a: no special abilities


You were on level 1 of the Dungeon.
You visited 1 branch of the dungeon, and saw 2 of its levels.

You collected 90 gold pieces.


Innate Abilities, Weirdness & Mutations

You are immune to sickness and miasma.
Your stone body is resilient. (AC +3)
You are immune to poison.
You resist negative energy. (rN+)
You are resistant to electric shocks. (rElec)
You are resistant to unholy torment.
You are immune to petrification.


   Skills:
 - Level 3.2 Fighting
 + Level 4.3 Axes
 - Level 3.2 Armour
 - Level 3.2 Shields


You had 3 spell levels left.
You didn't know any spells.
Your spell library was empty.

Inventory:

Hand Weapons
 f - a +0 mace
 Y - a +0 war axe (weapon)
Armour
 c - a +0 buckler (worn)
 e - a +0 cloak (worn)
 k - a +0 plate armour (worn)
Scrolls
 l - a scroll of identify
Potions
 a - a potion of attraction {unknown}
 d - 2 potions of might
 g - a potion of curing {unknown}
 h - a potion of heal wounds
 i - a potion of mutation {unknown}
 n - a potion of brilliance {unknown}
 o - a potion of ambrosia {unknown}

Dungeon Overview and Level Annotations

Branches:
Dungeon (2/15)

Altars:

Annotations:
D:1 Natasha
D:2 1 runed translucent door, Crazy Yiuf


Message History

Natasha barely misses you.
You hit Natasha but do no damage.
Natasha is severely wounded.
Natasha claws you but does no damage.
You closely miss Natasha.
Natasha is severely wounded.
Natasha casts a spell at you. You resist with some effort.
Natasha barely misses you.
You barely miss Natasha.
Natasha is severely wounded.
Natasha claws you.
You closely miss Natasha.
Natasha is severely wounded.
Natasha mumbles some strange words.
Natasha shimmers violently.
Natasha claws you but does no damage.
You miss Natasha.
Natasha is severely wounded.
Natasha claws you but does no damage.
You barely miss Natasha.
Natasha is severely wounded.
Natasha claws you but does no damage. x2
You hit Natasha but do no damage.
Natasha is severely wounded.
Natasha claws you but does no damage.
You barely miss Natasha.
Natasha is severely wounded.
You block Natasha's attack.
You closely miss Natasha.
Natasha is severely wounded.
Natasha claws you. You block Natasha's attack.
You barely miss Natasha.
Natasha is severely wounded.
Natasha claws you.
2739 ||| READING scroll of teleportation.
As you read the scroll of teleportation, it crumbles to dust.
You feel strangely unstable.
Natasha stares at you and mumbles some strange words.
The magic dart hits you!
You die...

#..#G#...#G#......##.......#.#
#..###...###..#.#.####.......#
##..............#.##.......###
########.....#.......##.......)..
.............#.###.#......#......
##.######....#.# #.#.##.###......
....######.#.#.# #.#.##.####.....
...........#.#.###.#.........)...
...........#....@h.#..#.####.....
.....#######.#.###.#.......)..###
.....# ###[# #....#.......###
##.#.# #.# #....#.#.......# #.#.#
#.# #....#.##....... #.#.# #.#
#....#.##....##. #.### #######.#
#.[..#.###...... #.# #.......#
#....#.# #...##. #.# #.#######
#.####.# #...##.


You could see Natasha.

Vanquished Creatures
  Natasha (D:2)
  2 adders (D:2)
  2 worms (D:2)
  3 endoplasms
  A giant cockroach (D:2)
  4 goblins
  A hobgoblin (D:2)
  3 jackals (D:1)
  2 quokkas (D:2)
  4 ball pythons
  A bat (D:1)
  19 frilled lizards
  5 kobolds
  3 rats (D:1)
51 creatures vanquished.

Vanquished Creatures (others)
  A ball python (D:1)
  6 plants (D:2)
7 creatures vanquished.

Grand Total: 58 creatures vanquished

Notes
Turn   | Place    | Note
-------+----------+-------------------------------------------
     0 | D:1      | qw the Gargoyle Fighter began the quest for the Orb.
     0 | D:1      | Reached XP level 1. HP: 14/14 MP: 1/1
     0 | D:1      | 0 ||| qw: Version: 0.1-a-116-g5d60599
     0 | D:1      | 0 ||| qw: Game counter: 7536
     0 | D:1      | 0 ||| qw: Always use a shield: true
     0 | D:1      | 0 ||| qw: God list: Okawaru
     0 | D:1      | 0 ||| qw: Allow faded altars: false
     0 | D:1      | 0 ||| qw: Do Orc after D:15 true
     0 | D:1      | 0 ||| qw: Do second Lair branch before Depths: true
     0 | D:1      | 0 ||| qw: Lair rune preference: random
     0 | D:1      | 0 ||| qw: Plans: Normal, Zot, God:TSO, Crypt, Tomb, Zig,
                  | Orb
     0 | D:1      | 0 ||| PLANNING D:1-11
    57 | D:1      | Reached skill level 2 in Axes
   398 | D:1      | Reached XP level 2. HP: 19/19 MP: 2/2
   408 | D:1      | 408 ||| Stepping ~*~*~tactically~*~*~ (stealth).
   482 | D:1      | 482 ||| DROPPING +0 club.
   574 | D:1      | Found a faded altar of an unknown god.
   591 | D:1      | Noticed a golden eye
   597 | D:1      | Noticed an eye of devastation
   613 | D:1      | Noticed a great orb of eyes
   631 | D:1      | 631 ||| Stepping ~*~*~tactically~*~*~ (stealth).
   634 | D:1      | 634 ||| Stepping ~*~*~tactically~*~*~ (stealth).
   635 | D:1      | 635 ||| Stepping ~*~*~tactically~*~*~ (stealth).
   649 | D:1      | Reached skill level 3 in Axes
   900 | D:1      | Noticed a shining eye
  1067 | D:1      | 1067 ||| READING scroll labelled UXERUB GISTRIK.
  1152 | D:2      | Reached XP level 3. HP: 18/23 MP: 3/3
  1348 | D:2      | 1348 ||| Stepping ~*~*~tactically~*~*~ (stealth).
  1440 | D:2      | 1440 ||| Stepping ~*~*~tactically~*~*~ (stealth).
  1924 | D:2      | Noticed Natasha
  1930 | D:2      | Killed Natasha
  1931 | D:2      | Reached skill level 4 in Axes
  1931 | D:2      | Reached XP level 4. HP: 25/28 MP: 4/4
  1931 | D:2      | 1931 ||| FLEEEEING.
  1932 | D:2      | 1932 ||| FLEEEEING.
  1933 | D:2      | 1933 ||| FLEEEEING.
  1934 | D:2      | 1934 ||| FLEEEEING.
  1935 | D:2      | 1935 ||| FLEEEEING.
  1977 | D:2      | 1977 ||| Stepping ~*~*~tactically~*~*~ (stealth).
  1986 | D:2      | 1986 ||| Stepping ~*~*~tactically~*~*~ (stealth).
  1999 | D:2      | 1999 ||| FLEEEEING.
  2000 | D:2      | 2000 ||| FLEEEEING.
  2001 | D:2      | 2001 ||| FLEEEEING.
  2002 | D:2      | 2002 ||| FLEEEEING.
  2003 | D:2      | 2003 ||| FLEEEEING.
  2004 | D:2      | 2004 ||| STAIRDANCE
  2061 | D:1      | 2061 ||| UPGRADING to +0 cloak.
  2066 | D:1      | 2066 ||| UPGRADING to +0 plate armour.
  2076 | D:1      | 2076 ||| DROPPING +0 scale mail.
  2077 | D:1      | 2077 ||| READING 2 scrolls labelled ZOICSUDIPN.
  2080 | D:1      | 2080 ||| READING 2 scrolls labelled PUSTRU JAAGH.
  2081 | D:1      | 2081 ||| READING scroll labelled POAGGUALYC.
  2270 | D:2      | Found a runed translucent door.
  2271 | D:2      | Noticed Crazy Yiuf
  2558 | D:2      | Noticed Natasha
  2559 | D:2      | 2559 ||| FLEEEEING.
  2561 | D:2      | 2561 ||| FLEEEEING.
  2562 | D:2      | 2562 ||| FLEEEEING.
  2563 | D:2      | 2563 ||| FLEEEEING.
  2564 | D:2      | 2564 ||| FLEEEEING.
  2565 | D:2      | 2565 ||| FLEEEEING.
  2566 | D:2      | 2566 ||| FLEEEEING.
  2567 | D:2      | 2567 ||| STAIRDANCE
  2612 | D:1      | 2612 ||| DRINKING 2 clear potions.
  2615 | D:2      | 2615 ||| STAIRDANCE
  2725 | D:2      | 2725 ||| STAIRDANCE
  2738 | D:1      | HP: 6/28 [Natasha (4)]
  2739 | D:1      | 2739 ||| READING scroll of teleportation.
  2739 | D:1      | Killed from afar by Natasha

Levels and vault maps discovered:
D:1:      lightli_arrival_maybe_door_vault, layout_basic,
          hellmonk_ecumenical_altar_watching_god, lemuel_flame_loot_1
D:2:      layout_loops_corners, minmay_lizard_king, uniq_crazy_yiuf_cottage,
          uniq_natasha

Skill      XL: |  1  2  3 |
---------------+----------+-----
Axes           | 2 3 4 |  4.3
Fighting       | |  3.2
Armour         | |  3.2
Shields        | |  3.2

Action                   |  1- 3 |  4- 6 || total
-------------------------+-------+-------++-------
Melee: War axe           |   128 |    52 ||   180
  Use: Scroll            |     1 |     4 ||     5
       Potion            |       |     1 ||     1
Armor: Scale mail        |    72 |    10 ||    82
       Plate armour      |       |    20 ||    20
Dodge: Dodged            |    59 |    26 ||    85
Block: Buckler           |    22 |    19 ||    41

Table legend:
 A = Non-vault XP
 B = Vault XP
 C = Vault XP percentage of total XP
 D = Non-vault monster count
 E = Vault monster count
 F = Vault count percentage of total count
                 A         B        C        D         E       F
            +---------+---------+-------+---------+---------+-------
      Total |      89 |      46 |  34.1 |      39 |      12 |  23.5
            +---------+---------+-------+---------+---------+-------
        D:1 |      31 |       1 |   3.1 |      21 |       1 |   4.5
        D:2 |      58 |      45 |  43.7 |      18 |      11 |  37.9
            +---------+---------+-------+---------+---------+-------
